 Dungeon Crawl Stone Soup version 0.29-a0-515-g7c1fb6cc08 (webtiles) character file.

Game seed: 13143001000701243298

63888 BearFiend the Unseen (level 14, -4/110 HPs)
             Began as a Vampire Enchanter on May 30, 2022.
             Was the Champion of Kikubaaqudgha.
             Slain by Rupert
             ... wielding a +4 vorpal battleaxe
              (5 damage)
             ... on level 14 of the Dungeon.
             The game lasted 03:39:48 (27370 turns).

BearFiend the Unseen (Vampire Enchanter)           Turns: 27370, Time: 03:39:48

Health: -4/110     AC: 17    Str:  7    XL:     14   Next: 69%
Magic:  24/24      EV: 12    Int: 28    God:    Kikubaaqudgha [******]
Gold:   1751       SH: 10    Dex: 14    Spells: 5/27 levels left

rFire   . . .      SeeInvis +   O - +1 dagger (vamp)
rCold   . . .      Faith    .   A - +0 kite shield
rNeg    . . .      Spirit   .   S - +1 troll leather armour {Snorg}
rPois   .          Reflect  .   N - +2 hat
rElec   +          Harm     .   K - +1 cloak of the Snake Pit {rElec Int+5 SInv}
rCorr   .          Rampage  +   f - +2 pair of gloves
Will    +++..                   s - +2 pair of boots {rampage}
Stlth   +++++++...              L - amulet of magic regeneration
HPRegen 1.28/turn               c - ring of willpower
MPRegen 0.59/turn               R - ring of willpower

@: confusing by touch, about to teleport, healing quickly, studying 2 skills
A: alive, fangs 3, see invisible, vampiric 2
a: Exsanguinate, Renounce Religion, Unearth Wretches, Torment, Brand Weapon With
Pain, Receive Forbidden Knowledge


You were on level 14 of the Dungeon.
You worshipped Kikubaaqudgha.
Kikubaaqudgha was exalted by your worship.
You visited 3 branches of the dungeon, and saw 21 of its levels.
You visited the Abyss 1 time.
You also visited: Ice Cave.

You collected 4070 gold pieces.
You spent 2319 gold pieces at shops.

Inventory:

Hand Weapons
 O - a +1 vampiric dagger (weapon)
Missiles
 e - 329 stones
 m - 46 poisoned darts
 v - 11 curare-tipped darts
 y - 4 throwing nets
Armour
 f - a +2 pair of gloves (worn)
 s - a +2 pair of boots of rampaging (worn)
 A - a +0 kite shield (worn)
 F - a +1 cloak of poison resistance
 K - the +1 cloak of the Snake Pit (worn) {rElec Int+5 SInv}
   (You found it on level 8 of the Dungeon)

   Int:       It affects your intelligence (+5).
   rElec:     It insulates you from electricity.
   SInv:      It lets you see invisible.
 M - a +1 ring mail of poison resistance
 N - a +2 hat (worn)
 S - a +1 troll leather armour (worn) {Snorg}
Jewellery
 a - an amulet of regeneration
 c - a ring of willpower (left hand)
 o - an amulet of the acrobat
 L - an amulet of magic regeneration (around neck)
 R - a ring of willpower (right hand)
Wands
 j - a wand of flame (13)
 E - a wand of polymorph (13)
 G - a wand of paralysis (8)
 H - a wand of digging (9)
 P - a wand of iceblast (3)
Scrolls
 b - 3 scrolls of fog
 d - 7 scrolls of teleportation
 g - 2 scrolls of immolation
 i - 3 scrolls of amnesia
 q - 2 scrolls of magic mapping
 w - 5 scrolls of poison
 x - 3 scrolls of identify {@r1}
 C - 2 scrolls of torment
 D - 2 scrolls of vulnerability
 I - 4 scrolls of enchant weapon
 J - a scroll of enchant armour
 Q - 2 scrolls of fear
Potions
 h - a potion of cancellation
 k - 4 potions of flight
 n - 2 potions of magic
 p - 4 potions of mutation
 r - 11 potions of curing {@q1}
 t - 2 potions of haste
 u - a potion of resistance
 z - a potion of brilliance
 B - 3 potions of might


   Skills:
 - Level 10.0 Fighting
 - Level 7.0 Short Blades
 + Level 8.2 Armour
 - Level 5.0 Dodging
 - Level 18.0 Stealth
 - Level 8.0 Shields
 - Level 7.0 Spellcasting
 - Level 14.0 Hexes
 - Level 13.0 Necromancy


You had 5 spell levels left.
You knew the following spells:

 Your Spells              Type           Power      Damage    Failure   Level
a - Animate Dead          Necr           70%        N/A       1%          4
d - Anguish               Hex/Necr       35%        N/A       1%          4
e - Confusing Touch       Hex            73%        N/A       1%          3
f - Dispel Undead         Necr           70%        3d24      1%          4
q - Agony                 Necr           70%        N/A       2%          5
w - Ensorcelled Hibernat  Hex/Ice        98%        N/A       1%          2

Your spell library contained the following spells:

 Spells                   Type           Power      Damage    Failure   Level
 Necrotize                Necr           100%       1d9       1%          1
 Sublimation of Blood     Necr           70%        N/A       1%          2
 Tukima's Dance           Hex            73%        N/A       1%          3
 Dazzling Flash           Conj/Hex       98%        N/A       3%          3
 Inner Flame              Hex/Fire       49%        N/A       3%          3
 Leda's Liquefaction      Hex/Erth       24%        N/A       11%         4
 Foxfire                  Conj/Fire      36%        2x1d5     19%         1
 Magic Dart               Conj           36%        1d4       19%         1
 Sandblast                Erth           18%        2d7       19%         1
 Blink                    Tloc           18%        N/A       28%         2
 Call Imp                 Summ           9%         N/A       28%         2
 Passwall                 Tmut/Erth      7%         N/A       28%         2
 Static Discharge         Conj/Air       9%         N/A       28%         2
 Silence                  Hex/Air        24%        N/A       28%         5
 Yara's Violent Unravell  Hex/Tmut       24%        3d11      28%         5
 Corpse Rot               Necr/Pois/Air  34%        N/A       32%         4
 Conjure Flame            Conj/Fire      9%         6-21      50%         3
 Gell's Gravitas          Tloc           9%         N/A       50%         3
 Lesser Beckoning         Tloc           9%         N/A       50%         3
 Mephitic Cloud           Conj/Pois/Air  9%         N/A       50%         3
 Stone Arrow              Conj/Erth      18%        3d8       50%         3
 Swiftness                Air            9%         N/A       50%         3
 Teleport Other           Tloc           9%         N/A       50%         3
 Animate Armour           Summ/Erth      18%        N/A       88%         4
 Flame Wave               Conj/Fire      9%         2d5       88%         4
 Passage of Golubria      Tloc           9%         N/A       88%         4
 Blade Hands              Tmut           4%         N/A       99%         5
 Lee's Rapid Deconstruct  Erth           4%         3d6*      99%         5
 Lightning Bolt           Conj/Air       4%         1d16      99%         5
 Manifold Assault         Tloc           9%         N/A       99%         5
 Death Channel            Necr           35%        N/A       14%         6
 Enfeeble                 Hex            36%        N/A       45%         7
 Simulacrum               Ice/Necr       23%        N/A       89%         6
 Dispersal                Tloc           4%         N/A       100%        6
 Iron Shot                Conj/Erth      4%         9d2       100%        6
 Statue Form              Tmut/Erth      6%         N/A       100%        6
 Lehudib's Crystal Spear  Conj/Erth      4%         10d3      100%        8
 Maxwell's Capacitive Co  Air            4%         ∞         100%        8
 Chain Lightning          Conj/Air       4%         3d6       100%        9
 Fire Storm               Conj/Fire      4%         8d1       100%        9
 Shatter                  Erth           4%         3d8*      100%        9


Dungeon Overview and Level Annotations

Branches:
Dungeon (14/15)            Temple (0/1) D:4            Lair (5/6) D:10
 Shoals (0/4) Lair:3        Snake (0/4) Lair:4          Orc (2/2) D:11
    Elf (0/3) Orc:2         IceCv (visited)
  Slime: Lair:5-6    Vaults: D:13-14

Altars:
Elyvilon
Gozag
Kikubaaqudgha
Okawaru
Sif Muna
Vehumet
Wu Jian
Beogh

Shops:
D:13 (   Orc:2 :(!?

Annotations:
D:6 3 runed translucent doors, dricus's ghost, novice GnDe
D:10 1 runed translucent door
D:13 exclusions: deep elf archer and vault guard
D:14 Rupert


Innate Abilities, Weirdness & Mutations

Your natural rate of healing is accelerated.
You have razor-sharp teeth.
You have supernaturally acute eyesight. (SInv)
You are afflicted with vampirism and can become a bat while bloodless.


Message History

You block Rupert's attack.
You barely miss Rupert. You bite Rupert, but do no damage.
You block Rupert's attack.
You hit Rupert but do no damage.
Rupert hits you with a +4 vorpal battleaxe!!
* * * LOW HITPOINT WARNING * * *
x2 You are too injured to fight recklessly!
Rupert rages.
Rupert is nearby!
Magic restored.
Your reaping aura is weakening.
You start resting.
Your reaping aura expires.
You start resting.
HP restored.
Rupert is nearby!
Casting: Animate Dead (mildly dangerous; 1% risk of failure)
Confirm with . or Enter, or press ? or * to list all spells.
Your hands begin to glow red.
Rupert shouts!
Rupert roars madly and goes into a rage!
Rupert goes berserk!
Rupert hits you with a +4 vorpal battleaxe!!!
You hit Rupert but do no damage. You block Rupert's attack.
Rupert attacks as you move away!
Rupert hits you with a +4 vorpal battleaxe!!
* * * LOW HITPOINT WARNING * * *
x2 Rupert rages.
Rupert hits you with a +4 vorpal battleaxe!
* * * LOW HITPOINT WARNING * * *
x2 You hit Rupert but do no damage.
You block Rupert's attack.
Okay, then.
You can't see any enemies this would affect, really read the scroll of fear?
Okay, then.
As you read the scroll of teleportation, it crumbles to dust.
You feel strangely unstable.
Rupert hits you with a +4 vorpal battleaxe!!
* * * LOW HITPOINT WARNING * * *
You die...
Kikubaaqudgha rasps: "You have failed me!
Welcome... death!"

#......# #...####
#|.....######.......
####
#...................
....
+...................
.....
#...#######.........
.....######...#
#.........
#..............#
#####...##
#..............#
#...#
#.............@#
#...#
##....###.####.@#
#...# #.....###.#
#..# #...#
#.........# #..#
#..<## #....#....#
#..#######.........
#...#.#..##
#..................
#._.#.#
#...#####..........
#..#.#..# #...#
#..........
#...#...# #...#
#..........


You could see Rupert (berserk).

Vanquished Creatures
  Saint Roka (Orc:1)
  A reaper (IceCv)
  3 hydras
  A boulder beetle (D:14)
  3 centaur warriors (D:13)
  A two-headed ogre (D:12)
  Sonja (Lair:2)
  Nergalle (Lair:1)
  4 deep elf pyromancers
  An orc knight (D:12)
  5 orc sorcerers (Orc:2)
  An oklob plant (Lair:4)
  A salamander (shapeshifter) (D:14)
  2 manticores
  5 ugly things (D:14)
  2 cyclopes
  A black mamba (Lair:2)
  An eye of devastation (shapeshifter) (D:12)
  A gargoyle (D:13)
  An unseen horror (D:10)
  5 cane toads
  7 komodo dragons
  2 kobold demonologists
  3 entropy weaver simulacra (IceCv)
  2 freezing wraiths
  A tengu conjurer (D:13)
  4 anaconda simulacra (IceCv)
  5 ice devils (IceCv)
  3 meliai (D:12)
  2 trolls
  Prince Ribbit (D:9)
  A dream sheep (Lair:5)
  A shadow (D:9)
  A spriggan (D:9)
  Sigmund (D:2)
  A wraith (D:13)
  19 yaks
  2 dire elephant simulacra (IceCv)
  2 basilisks
  A vampire (D:11)
  2 wyverns
  A death yak simulacrum (IceCv)
  4 vampire mosquitoes (D:13)
  2 wargs (Orc:1)
  3 nagas (Lair:4)
  A harpy simulacrum (IceCv)
  An acid dragon (D:11)
  11 water moccasins
  3 orc warriors
  2 sky beasts
  8 black bears
  4 ice beasts
  4 wolves
  10 centaurs
  4 ogres (Orc:2)
  A phantom (D:7)
  5 kobold brigands
  5 bullfrogs
  3 scorpions
  3 necrophages
  A troll zombie (Orc:1)
  6 killer bees (D:6)
  4 howler monkeys
  A wolf zombie (Lair:2)
  3 jellies (D:6)
  A gnoll shaman (Orc:1)
  9 orc priests
  Crazy Yiuf (D:7)
  A hound (D:5)
  Terence (D:2)
  3 iguanas
  22 orc wizards
  A polar bear simulacrum (IceCv)
  2 spriggan simulacra (IceCv)
  An ogre zombie (Orc:2)
  Robin (D:2)
  2 orc zombies
  2 naga simulacra (IceCv)
  6 adders
  14 gnolls
  3 white imps
  18 dart slugs
  32 orcs
  6 ball pythons
  An endoplasm (D:1)
  13 goblins
  10 hobgoblins
  4 jackals (D:5)
  6 quokkas
  5 bats
  A frilled lizard (D:3)
  17 kobolds
  7 rats
383 creatures vanquished.

Vanquished Creatures (collateral kills)
  Snorg (D:13)
  Erolcha (Orc:2)
  2 two-headed ogres
  Amaemon (Lair:2)
  2 oklob plants (Lair:4)
  4 slime creatures (D:12)
  An orc sorcerer (Orc:2)
  2 ugly things
  A merfolk siren (Lair:3)
  An orange demon (Lair:2)
  2 polar bears (Lair:3)
  3 blink frogs (Lair:4)
  9 dream sheep (Lair:5)
  12 yaks
  A basilisk (Lair:3)
  2 wargs (D:10)
  A naga (Lair:4)
  2 water moccasins (Lair:1)
  A floating eye (Lair:4)
  7 orc warriors
  An ogre (Orc:1)
  2 black bears
  A centaur (D:13)
  6 wolves
  A gnoll sergeant (D:12)
  An electric eel (D:12)
  A howler monkey (D:10)
  2 orc priests
  10 orc wizards
  6 gnolls
  17 orcs
  A kobold (D:9)
105 creatures vanquished.

Vanquished Creatures (others)
  Harold (D:9)
  5 ugly things
  3 orc sorcerers (Orc:2)
  A cyclops (D:14)
  Joseph (Lair:1)
  A tengu conjurer (D:13)
  2 polar bears (Lair:3)
  3 trolls
  2 blink frogs (Lair:4)
  A dream sheep (Lair:5)
  15 yaks
  A steam dragon (D:8)
  A black bear (Lair:3)
  10 orc warriors
  3 ogres
  2 elf zombies (D:14)
  8 wolves
  A centaur (D:13)
  2 cyclops zombies (D:14)
  2 gnoll sergeants
  3 water moccasin zombies
  8 yak zombies
  10 wolf zombies
  A centaur zombie (D:13)
  3 orc priests
  6 orc wizards
  2 ogre zombies (Orc:2)
  3 gnolls
  17 orcs
  A ball python (D:5)
  An endoplasm (D:9)
  5 gnoll zombies (D:9)
  An endoplasm zombie (D:9)
  A kobold (D:5)
  4 kobold zombies (D:8)
  35 orc zombies
  3 demonic plants (D:1)
  32 fungi
  49 plants
  2 starspawn tentacles (Abyss:1)
  4 withered plants (D:1)
256 creatures vanquished.

Grand Total: 744 creatures vanquished

Notes
Turn   | Place    | Note
-------+----------+-------------------------------------------
     0 | D:1      | BearFiend the Vampire Enchanter began the quest for the
                  | Orb.
     0 | D:1      | Reached XP level 1. HP: 13/13 MP: 3/3
   242 | D:1      | Reached skill level 5 in Stealth
   242 | D:1      | Reached XP level 2. HP: 15/15 MP: 5/5
   245 | D:1      | Learned a level 2 spell: Ensorcelled Hibernation
   495 | D:1      | Found a faded altar of an unknown god.
   752 | D:1      | Prayed at the altar of an unknown god.
   752 | D:1      | Became a worshipper of Kikubaaqudgha
   752 | D:1      | Reached * piety under Kikubaaqudgha
   752 | D:1      | Received a gift from Kikubaaqudgha
  1215 | D:2      | Gained mutation: You are afflicted with vampirism and can
                  | become a bat while bloodless. [Vampire growth]
  1215 | D:2      | Reached XP level 3. HP: 17/19 MP: 6/6
  1644 | D:2      | Noticed Robin
  1644 | D:2      | Noticed Sigmund
  1721 | D:2      | Reached skill level 6 in Stealth
  1864 | D:2      | Reached XP level 4. HP: 18/24 MP: 7/7
  1868 | D:2      | Reached skill level 1 in Fighting
  1869 | D:2      | Reached ** piety under Kikubaaqudgha
  1878 | D:2      | HP: 1/25 [gnoll/+0 whip (3)]
  2310 | D:2      | HP: 1/29 [poisoned by Sigmund]
  2323 | D:2      | Killed Robin
  2330 | D:2      | Killed Sigmund
  2331 | D:2      | Reached skill level 7 in Stealth
  2331 | D:2      | Reached skill level 5 in Hexes
  2331 | D:2      | Reached XP level 5. HP: 36/36 MP: 8/8
  2363 | D:2      | Noticed Terence
  2477 | D:2      | Reached XP level 6. HP: 12/42 MP: 2/9
  2602 | D:2      | Reached skill level 8 in Stealth
  2964 | D:2      | Killed Terence
  3697 | D:4      | Reached *** piety under Kikubaaqudgha
  3697 | D:4      | Received a gift from Kikubaaqudgha
  3820 | D:4      | Found a staircase to the Ecumenical Temple.
  4465 | D:4      | Reached XP level 7. HP: 6/53 MP: 2/10
  4601 | D:4      | Learned a level 3 spell: Confusing Touch
  4965 | D:5      | Entered Level 5 of the Dungeon
  5259 | D:5      | Found an opulent altar of Gozag.
  5466 | D:5      | Reached skill level 1 in Necromancy
  5540 | D:5      | Reached XP level 8. HP: 35/54 MP: 9/12
  6188 | D:6      | Reached skill level 5 in Necromancy
  6504 | D:6      | Reached skill level 9 in Stealth
  6908 | D:6      | Reached **** piety under Kikubaaqudgha
  6949 | D:6      | Found a runed translucent gate.
  6981 | D:6      | Reached skill level 10 in Stealth
  7142 | D:6      | Found a runed translucent gate.
  7143 | D:6      | Found a runed translucent gate.
  7151 | D:6      | Reached XP level 9. HP: 58/58 MP: 10/13
  7156 | D:6      | Learned a level 4 spell: Animate Dead
  7203 | D:6      | Noticed dricus's ghost (novice GnDe)
  8137 | D:7      | Reached skill level 11 in Stealth
  8209 | D:7      | Noticed a manticore
  8224 | D:7      | Killed a manticore
  8225 | D:7      | Reached skill level 5 in Fighting
  8651 | D:7      | Reached skill level 5 in Short Blades
  8747 | D:7      | Found a runed translucent door.
  8748 | D:7      | Noticed Crazy Yiuf
  9061 | D:7      | Reached skill level 5 in Spellcasting
  9257 | D:7      | Killed Crazy Yiuf
  9378 | D:7      | Learned a level 4 spell: Anguish
  9511 | D:8      | Reached XP level 10. HP: 74/74 MP: 10/17
  9677 | D:8      | Reached skill level 12 in Stealth
  9745 | D:8      | Learned a level 5 spell: Agony
 10213 | D:8      | Reached skill level 10 in Hexes
 10216 | D:8      | Identified the +1 cloak of the Snake Pit {rElec Int+5 SInv}
 10451 | D:8      | Found a shimmering blue altar of Sif Muna.
 10451 | D:8      | Found an ornate altar of the Wu Jian Council.
 11161 | D:8      | Reached skill level 13 in Stealth
 11210 | D:9      | Noticed Harold
 11636 | D:9      | Noticed Prince Ribbit
 11636 | D:9      | You fall into a shaft and drop 3 floors!
 11673 | D:10     | Entered Level 10 of the Dungeon
 11814 | D:9      | Noticed a two-headed ogre
 11874 | D:9      | HP: 3/76 [two-headed ogre/+0 giant club (9)]
 11874 | D:9      | Killed a two-headed ogre
 11950 | D:9      | Reached ***** piety under Kikubaaqudgha
 12128 | D:9      | Killed Harold
 12129 | D:9      | Reached XP level 11. HP: 68/84 MP: 14/18
 12250 | D:9      | Killed Prince Ribbit
 12637 | D:9      | Identified 3 scrolls of acquirement
 12637 | D:9      | Acquired 802 gold pieces
 12639 | D:9      | Acquired 1083 gold pieces
 12641 | D:9      | Acquired a +1 pair of boots of rampaging
 13255 | D:10     | Reached skill level 5 in Dodging
 13461 | D:10     | Found a runed translucent door.
 13465 | D:10     | Noticed a two-headed ogre
 13483 | D:10     | Found a staircase to the Lair.
 13769 | D:10     | Identified the +9 trident "Biynes" {vorpal, rF+ Dex+4}
 13934 | D:10     | Learned a level 4 spell: Dispel Undead
 14098 | D:11     | Noticed an eight-headed hydra
 14260 | D:11     | Killed an eight-headed hydra
 14281 | D:11     | Found a staircase to the Orcish Mines.
 14815 | D:11     | Noticed a cyan ugly thing
 14824 | D:11     | Killed a cyan ugly thing
 14825 | D:11     | Reached skill level 10 in Necromancy
 14825 | D:11     | Reached XP level 12. HP: 89/92 MP: 8/22
 15644 | Lair:1   | Entered Level 1 of the Lair of Beasts
 15852 | Lair:1   | Noticed Nergalle
 15868 | Lair:1   | Killed Nergalle
 16112 | Lair:1   | Noticed Joseph
 16139 | Lair:1   | Killed Joseph
 16815 | Lair:2   | Reached skill level 14 in Stealth
 16819 | Lair:2   | Noticed Amaemon
 16840 | Lair:2   | Killed Amaemon
 17212 | Lair:2   | Reached skill level 15 in Stealth
 17375 | Lair:2   | Noticed Sonja
 17384 | Lair:2   | Cast into level 1 of the Abyss (Sonja)
 17630 | Abyss:1  | Noticed a lich
 17718 | Abyss:1  | Noticed a bone dragon
 17719 | Abyss:1  | Noticed a starcursed mass
 17739 | Abyss:1  | Noticed a starcursed mass
 17964 | Abyss:1  | Noticed a tentacled starspawn
 18033 | Abyss:1  | Noticed a bone dragon
 18126 | Abyss:1  | Noticed a balrug
 18292 | Abyss:1  | Found a blossoming altar of Fedhas.
 18395 | Abyss:1  | Noticed a starcursed mass
 18401 | Abyss:1  | Noticed a tentacled starspawn
 18424 | Abyss:1  | Noticed a starcursed mass
 18440 | Abyss:1  | Noticed a tentacled starspawn
 18575 | Abyss:1  | Noticed a bone dragon
 18592 | Abyss:1  | Noticed a bone dragon
 18602 | Abyss:1  | Noticed a tentacled starspawn
 18604 | Abyss:1  | Noticed a rakshasa
 18659 | Abyss:1  | Noticed a starcursed mass
 18671 | Lair:2   | Escaped the Abyss
 18694 | Lair:2   | HP: 1/73 [Sonja/+0 dagger of distortion (3)]
 18927 | Lair:2   | Killed Sonja
 19087 | Lair:3   | Reached skill level 1 in Shields
 19231 | Lair:3   | Reached skill level 16 in Stealth
 19274 | Lair:3   | Found a staircase to the Shoals.
 19809 | Lair:3   | You fall into a shaft and drop 1 floor!
 20419 | Lair:4   | Found a staircase to the Snake Pit.
 20484 | Lair:4   | Reached skill level 5 in Shields
 20531 | Lair:4   | Reached XP level 13. HP: 98/98 MP: 18/23
 20946 | Lair:5   | Found a frozen archway.
 20976 | IceCv    | Entered an ice cave
 21709 | IceCv    | Noticed a reaper
 21711 | IceCv    | Killed a reaper
 22602 | Lair:5   | Identified the +3 long sword of Irritation {vorpal, rF+
                  | Int+2}
 22714 | Orc:1    | Entered Level 1 of the Orcish Mines
 22882 | Orc:1    | Reached skill level 10 in Fighting
 23049 | Orc:1    | You fall into a shaft and drop 1 floor!
 23049 | Orc:2    | Entered Level 2 of the Orcish Mines
 23073 | Orc:2    | Found a staircase to the Elven Halls.
 23073 | Orc:2    | Noticed Saint Roka
 23168 | Orc:1    | Reached ****** piety under Kikubaaqudgha
 23835 | Orc:1    | HP: 4/103 [Saint Roka/divine providence (15)]
 23957 | Orc:1    | Killed Saint Roka
 24277 | Orc:2    | Reached skill level 17 in Stealth
 24377 | Orc:2    | Found a radiant altar of Vehumet.
 24377 | Orc:2    | Noticed Erolcha
 24386 | Orc:2    | Killed Erolcha
 24407 | Orc:2    | Found Bis Xeh's Antique Weapon Emporium.
 24628 | Orc:2    | Found Citesch's Book Shoppe.
 24635 | Orc:2    | Bought a manual of Armour for 1200 gold pieces
 24684 | Orc:2    | Reached skill level 1 in Armour
 24701 | Orc:2    | Found an ancient bone altar of Kikubaaqudgha.
 24706 | Orc:2    | Reached XP level 14. HP: 65/110 MP: 16/24
 24738 | Orc:2    | Bought a runed trident for 149 gold pieces
 24738 | Orc:2    | Bought an encrusted broad axe for 207 gold pieces
 24738 | Orc:2    | Identified the +4 broad axe of Cocytus {elec, MP+9 Str-4
                  | Int+3} (You bought it in a shop on level 2 of the Orcish
                  | Mines)
 24759 | Orc:2    | Found Pibba's Magic Scroll Shoppe.
 24781 | Orc:2    | Found Gexkol's Distillery.
 24796 | Orc:2    | Bought a scroll of identify for 22 gold pieces
 24796 | Orc:2    | Bought a scroll of teleportation for 33 gold pieces
 24796 | Orc:2    | Bought a scroll of teleportation for 33 gold pieces
 24796 | Orc:2    | Bought a scroll of magic mapping for 38 gold pieces
 24796 | Orc:2    | Bought a scroll of enchant armour for 82 gold pieces
 24796 | Orc:2    | Bought a scroll of identify for 22 gold pieces
 24796 | Orc:2    | Bought a scroll of identify for 22 gold pieces
 24796 | Orc:2    | Bought a scroll of identify for 22 gold pieces
 24812 | Orc:2    | Bought a potion of curing for 42 gold pieces
 24812 | Orc:2    | Bought a potion of curing for 42 gold pieces
 24812 | Orc:2    | Bought a potion of curing for 42 gold pieces
 25515 | D:12     | Reached skill level 18 in Stealth
 26411 | D:13     | Found Eloatep's Antique Weapon Emporium.
 26412 | D:13     | Noticed Snorg
 26414 | D:13     | Reached skill level 5 in Armour
 26425 | D:13     | Killed Snorg
 26443 | D:13     | Bought a glowing dagger for 165 gold pieces
 26443 | D:13     | Bought a runed short sword for 198 gold pieces
 26512 | D:13     | Identified the +7 falchion "Vygist" {vamp, rF+ MP+9 Str+3
                  | Stlth-}
 27263 | D:14     | Found an iron altar of Okawaru.
 27263 | D:14     | Noticed Rupert
 27370 | D:14     | HP: 1/110 [Rupert/+4 vorpal battleaxe (22)]
 27370 | D:14     | Slain by Rupert

Illustrated notes

Levels and vault maps discovered:
D:1:      sevenhm_arrival_forest_fort_small_5, layout_loops_ring,
          shapermc_ecumenical_altar_gd
D:2:      layout_loops_cross, uniq_robin, uniq_terence, uniq_sigmund
D:3:      layout_rooms
D:4:      kennysheep_slugbush, layout_basic, minmay_temple_entry_trees
D:5:      layout_rooms, mainiacjoe_overflow_brackets
D:6:      layout_loops_cross, mainiacjoe_overflow_concentric_impassable,
          gammafunk_ghost_necromancy
D:7:      layout_gridville, minmay_manual_mail, uniq_crazy_yiuf_cottage
D:8:      layout_cave_pools, gammafunk_temple_overflow_elements
D:9:      minmay_flawed_box, layout_small_grid, the_hattery,
          uniq_prince_ribbit1, uniq_harold
D:10:     layout_irregular_city, erik_lair_orcish_takeover, minmay_st_funbox,
          kennysheep_generic_room_5
D:11:     layout_basic, minmay_orc_entry_temple_small, serial_co_window_serial,
          co_window_corner_a, co_window_paths_a, co_window_corner_a,
          co_window_paths_b, co_window_paths_b, co_window_broadway_c,
          co_window_broadway_c, co_window_broadway_b, glass_columns_c
D:12:     layout_long_grid, lightli_minifort
D:13:     layout_basic, grunt_vaults_entry_fortified, serial_shops,
          nicolae_stop_n_shop_1, uniq_snorg
D:14:     layout_irregular_city, okawaru_metal_pillars_3, uniq_rupert
Lair:1:   layout_chaotic_city, grunt_forest_stairs_basic, columned_hall_lemuel,
          minmay_stone_trees_small, serial_bayou_shore_b, lemuel_fruit_tree,
          lemuel_fruit_fields, uniq_nergalle, uniq_joseph
Lair:2:   layout_regular_city, uniq_sonja, uniq_amaemon
Lair:3:   beast_lair_carwin_large_3, layout_regular_city,
          minmay_shoals_entry_lonely_mermaid
Lair:4:   layout_roguey, minmay_snake_entry_guardpost_small, disabler_island
Lair:5:   layout_regular_city, portal_ice_cave_entry_pillars_2,
          infiniplex_staircase_pool_2
Orc:1:    layout_diamond_mine
Orc:2:    kennysheep_orc_mage_school, layout_diamond_mine, uniq_saint_roka

Skill      XL: |  1  2  3  4  5  6  7  8  9 10 11 12 13 14 |
---------------+-------------------------------------------+-----
Stealth        | 5 6 7 8 10 11 13 16 17 18 | 18.0
Short Blades   | 2 3 4 5 6 7 |  7.0
Fighting       | 3 4 5 7 8 10 | 10.0
Hexes          | 5 7 8 11 12 14 | 14.0
Spellcasting   | 3 5 7 |  7.0
Necromancy     | 2 6 8 9 10 11 13 | 13.0
Dodging        | 5 |  5.0
Shields        | 5 8 |  8.0
Armour         | 1 8 |  8.2

Action                   |  1- 3 |  4- 6 |  7- 9 | 10-12 | 13-15 || total
-------------------------+-------+-------+-------+-------+-------++-------
Melee: Dagger            |   110 |   216 |   153 |   516 |   825 ||  1820
       Bite              |    17 |    27 |    34 |    89 |   138 ||   305
       Punch             |       |     5 |     6 |    11 |     1 ||    23
       Short sword       |       |       |   102 |   112 |       ||   214
       Unarmed           |       |       |       |     5 |       ||     5
Throw: Stone             |       |     1 |       |       |     9 ||    10
 Cast: Ensorcelled Hiber |       |    19 |    71 |    66 |    17 ||   173
       Confusing Touch   |       |       |    15 |     8 |    39 ||    62
       Animate Dead      |       |       |     4 |    14 |    12 ||    30
       Anguish           |       |       |       |    39 |    42 ||    81
       Agony             |       |       |       |    23 |     5 ||    28
       Dispel Undead     |       |       |       |       |    19 ||    19
Invok: Unearth Wretches  |       |       |     1 |     1 |       ||     2
 Abil: Exsanguinate      |     1 |       |     2 |     1 |     1 ||     5
       Revivify          |       |     1 |     2 |     1 |     1 ||     5
       End Transformatio |       |       |       |     1 |       ||     1
       Bat Form          |       |       |       |     1 |       ||     1
  Use: Potion            |       |     8 |       |     6 |       ||    14
       Scroll            |       |     3 |     6 |    20 |    12 ||    41
 Stab: Sleeping          |    10 |    19 |    41 |    52 |    43 ||   165
       Invisible         |       |     3 |     1 |     1 |       ||     5
       Distracted        |       |     1 |       |     8 |     4 ||    13
       Confused          |       |       |    11 |     8 |    35 ||    54
       Paralysed         |       |       |       |     1 |       ||     1
Armor: Robe              |     9 |    30 |    54 |    10 |       ||   103
       Skin              |       |     4 |       |       |       ||     4
       Ring mail         |       |       |       |   350 |   205 ||   555
       Troll leather arm |       |       |       |       |   131 ||   131
Dodge: Dodged            |    39 |   105 |   156 |   465 |   296 ||  1061
Block: Kite shield       |       |       |       |       |   435 ||   435

Table legend: (Time is in decaauts)
 A = Elapsed time spent in this place.
 B = Non-inter-level travel time spent in this place.
 C = Inter-level travel time spent in this place.
 D = Time resting spent in this place.
 E = Time spent auto-exploring this place.
 F = Levels seen in this place.
 G = Mean time per level.
                   A        B        C        D        E       F      G
               +--------+--------+--------+--------+--------+-----+--------+
         Total |  26542 |  23330 |   3212 |   4453 |  12234 |  23 | 1154.0 |
       Dungeon |  17916 |  15655 |   2261 |   3119 |   8562 |  14 | 1279.7 |
          Lair |   4887 |   4507 |    380 |    445 |   3197 |   5 |  977.4 |
  Orcish Mines |   2061 |   1491 |    570 |    365 |    380 |   2 | 1030.5 |
         Abyss |    896 |    896 |      0 |    285 |      3 |   1 |  896.0 |
      Ice Cave |    781 |    781 |      0 |    239 |     91 |   1 |  781.0 |
               +--------+--------+--------+--------+--------+-----+--------+

Top non-repeatable levels by time:
     D:6: 1990 daAuts
     D:7: 1902 daAuts
     D:2: 1717 daAuts
    D:11: 1587 daAuts
     D:9: 1566 daAuts
     D:4: 1462 daAuts
     D:1: 1385 daAuts
    D:10: 1312 daAuts
  Lair:1: 1118 daAuts
    D:12: 1072 daAuts
  Lair:3: 1068 daAuts
   Orc:1: 1057 daAuts
  Lair:2: 1038 daAuts
     D:8: 1026 daAuts
   Orc:2: 1004 daAuts
